Map: Iron Fortress LE (Void)

Players

Bop - Winner!

  • Race: Zerg Zerg

BadBorz

  • Race: Terran Terran

VOD

Have the link to the VOD?

Description

Time

  • Played on: May 3, 2015, 10:30 p.m.
  • Length: 15:59
Show
View Real Time Build Order
Export as new Build Order

Bop Zerg - Winner!

Build Orders: Hatch First, Lurkers 

Get SALT Encoding   

  12  0:01  Drone  
  13  0:14  Overlord  
  13  0:18  Drone  
  14  0:32  Drone x2  
  16  0:36  Drone  
  17  0:47  Drone  
  18  0:57  Hatchery  
  18  1:00  Drone  
  18  1:10  Extractor  
  17  1:18  Drone, Spawning Pool  
  16  1:20  Drone  
  18  1:31  Drone  
  19  1:40  Drone  
  20  2:04  Overlord  
  20  2:05  Queen  
  22  2:10  Queen  
  22  2:11  Metabolic Boost, Zergling x2  
  22  2:13  Zergling x2  
  25  2:20  Drone x2  
  27  2:26  Drone  
  28  2:34  Drone  
  29  2:38  Drone  
  30  2:45  Queen  
  30  2:47  Lair  
  30  2:50  Drone  
  33  2:51  Drone  
  33  2:56  Overlord  
  34  3:02  Drone  
  35  3:08  Drone  
  36  3:13  Baneling Nest  
  36  3:15  Drone x3  
  38  3:21  Drone x3  
  38  3:25  Drone  
  42  3:28  Drone  
  42  3:30  Extractor x2  
  42  3:32  Drone  
  42  3:43  Drone x2  
  44  3:48  Overlord  
  44  3:49  Overlord  
  43  4:05  Drone  
  43  4:08  Drone x2, Spire  
  43  4:09  Drone x5  
  50  4:15  Drone x2  
  52  4:17  Overlord  
  52  4:21  Zergling x2  
  53  4:24  Burrow  
  53  4:28  Drone x2  
  55  4:36  Overlord  
  55  4:37  Overlord  
  55  4:40  Extractor  
  54  4:51  Zergling x6  
  56  5:02  Hatchery, Zergling x2  
  56  5:03  Zergling x12  
  62  5:22  Mutalisk x5  
  71  5:34  Mutalisk  
  71  5:38  Drone x8  
  79  5:46  Mutalisk  
  81  5:55  Drone  
  81  5:57  Hydralisk Den  
  81  5:59  Overlord  
  81  6:05  Mutalisk  
  81  6:10  Hatchery  
  82  6:11  Extractor  
  82  6:14  Drone x6  
  87  6:20  Zergling x10  
  87  6:24  Lurker Den  
  92  6:27  Overlord x2  
  92  6:38  Extractor  
  95  6:40  Drone x4  
  95  6:42  Infestation Pit  
  95  6:45  Baneling  
  95  6:46  Baneling x5  
  94  6:49  Drone x3  
  97  6:55  Hydralisk  
  97  6:56  Hydralisk  
  101  7:06  Hydralisk  
  101  7:07  Hydralisk x3  
  109  7:10  Overlord x2  
  109  7:21  Overlord x2  
  109  7:24  Zerg Flyer Weapons Level 1  
  109  7:27  Evolution Chamber, Hatchery  
  109  7:28  Evolution Chamber  
  93  7:52  Hydralisk x2  
  93  7:53  Hydralisk x7  
  105  8:03  Mutalisk  
  105  8:04  Mutalisk  
  105  8:09  Zergling x2  
  105  8:10  Zergling x26  
  120  8:20  Lurker x2  
  120  8:22  Drone x4  
  125  8:34  Extractor  
  125  8:39  Drone x4, Extractor  
  125  8:40  Drone x2  
  129  8:44  Zergling x6  
  129  8:45  Zergling x14  
  129  8:46  Lurker x4  
  138  8:57  Lurker  
  135  9:06  Mutalisk  
  135  9:07  Mutalisk  
  129  9:18  Drone x7  
  129  9:21  Spore Crawler  
  129  9:22  Zergling x12  
  129  9:23  Zergling x10  
  131  9:31  Mutalisk x2  
  131  9:32  Mutalisk  
  137  9:41  Overlord x2  
  137  9:43  Hatchery  
  136  9:50  Lurker x2  
  138  9:57  Mutalisk  
  139  10:01  Zerg Melee Weapons Level 1  
  139  10:05  Extractor  
  137  10:07  Overlord  
  137  10:08  Zergling x22  
  145  10:29  Mutalisk x4  
  145  10:36  Drone  
  145  10:37  Drone x6  
  151  10:44  Hive  
  151  10:51  Zergling x10  
  151  10:52  Zergling x10  
  154  11:11  Lurker x3  
  157  11:21  Zergling x22  
  168  11:31  Overlord x3  
  167  11:33  Zerg Flyer Weapons Level 2  
  167  11:37  Hatchery  
  163  11:50  Zergling x20  
  173  12:06  Baneling x6  
  173  12:13  Zergling x2  
  173  12:14  Zergling x14  
  173  12:15  Overlord x2  
  167  12:28  Zergling x2  
  167  12:29  Zergling x24  
  169  12:38  Centrifical Hooks  
  169  12:41  Baneling  
  169  12:42  Baneling x10  
  162  12:44  Zergling x2  
  162  12:45  Zergling x8  
  162  12:50  Overlord  
  131  13:04  Zergling x14  
  108  13:12  Mutalisk  
  108  13:13  Mutalisk x2  
  112  13:24  Baneling x4  
  101  13:34  Adrenal Glands  
  101  13:35  Evolution Chamber  
  101  13:36  Evolution Chamber  
  101  13:38  Extractor  
  101  13:41  Extractor  
  97  13:42  Mutalisk  
  97  13:43  Mutalisk x2  
  101  13:52  Hatchery  
  92  14:00  Mutalisk x4  
  91  14:04  Mutalisk  
  83  14:14  Mutalisk x2  
  83  14:15  Mutalisk  
  71  14:41  Drone x9  
  80  14:52  Overseer  
  80  14:56  Mutalisk  
Show
View Real Time Build Order
Export as new Build Order

BadBorz Terran 

Build Orders: Reaper Expand, MMM Bio 

Get SALT Encoding   

  12  0:01  SCV  
  13  0:13  SCV  
  14  0:17  Supply Depot  
  14  0:25  SCV  
  15  0:39  SCV, Barracks  
  16  0:46  Refinery  
  16  0:51  SCV  
  17  1:03  SCV  
  18  1:15  SCV  
  19  1:30  Orbital Command  
  19  1:31  Reaper  
  20  1:40  Command Center  
  20  1:47  Supply Depot  
  20  1:55  SCV  
  21  2:04  Barracks Reactor  
  21  2:08  SCV  
  22  2:20  SCV  
  23  2:25  Factory  
  23  2:32  SCV  
  24  2:38  Command Center  
  24  2:42  Marine x2  
  27  2:44  SCV  
  27  2:56  SCV  
  27  2:57  Orbital Command  
  28  2:59  Marine x2  
  30  3:08  Bunker  
  30  3:10  SCV  
  31  3:22  SCV  
  31  3:24  SCV  
  31  3:25  Barracks Tech Lab  
  31  3:26  Hellion  
  35  3:30  Hellion  
  37  3:34  SCV  
  37  3:36  SCV  
  37  3:39  Supply Depot  
  38  3:46  SCV, Stimpack  
  38  3:48  SCV, Hellion, Marine  
  43  3:50  Orbital Command  
  43  3:52  Hellion  
  45  3:58  SCV  
  46  4:08  Supply Depot  
  46  4:09  Hellion  
  48  4:12  SCV x2, Refinery  
  48  4:13  Hellion  
  52  4:18  Supply Depot  
  52  4:24  SCV x3  
  54  4:25  Marine  
  56  4:36  SCV x2  
  58  4:42  Barracks  
  58  4:43  SCV, Barracks  
  58  4:44  Engineering Bay x2  
  59  4:45  Refinery  
  59  4:46  Refinery, Factory Reactor  
  59  4:48  SCV  
  59  4:50  SCV  
  61  4:57  Marine  
  62  5:01  SCV  
  62  5:02  SCV  
  64  5:13  SCV  
  65  5:14  SCV  
  65  5:15  Marine  
  67  5:23  Terran Infantry Weapons Level 1, Terran Infantry Armor Level 1, Barracks  
  67  5:24  Barracks  
  67  5:25  SCV, Barracks  
  68  5:30  Supply Depot  
  68  5:31  Supply Depot  
  68  5:32  Supply Depot, Marine, SCV  
  70  5:39  SCV  
  71  5:43  Factory Reactor, Marine  
  71  5:44  Marine x3  
  71  5:46  Starport  
  71  5:48  SCV  
  76  5:50  Marine  
  76  5:51  SCV  
  76  5:54  Supply Depot  
  76  5:56  Supply Depot  
  78  5:57  Supply Depot  
  78  6:00  Supply Depot, SCV, Armory  
  78  6:01  Marine  
  78  6:03  SCV  
  81  6:08  Marine  
  81  6:11  Orbital Command  
  82  6:12  SCV  
  82  6:15  Barracks Reactor x2  
  82  6:16  Barracks Reactor  
  78  6:19  Missile Turret  
  78  6:22  Missile Turret  
  77  6:32  Missile Turret  
  76  6:34  Marauder, Marine x3  
  76  6:37  Starport  
  81  6:43  Factory Reactor, Marine  
  81  6:44  Medivac  
  85  6:48  SCV x3  
  85  6:52  Marine x3  
  85  6:53  Marine  
  85  6:54  Marine x2  
  91  6:55  Marine  
  90  7:05  Marine  
  90  7:07  Factory Reactor  
  83  7:11  SCV x2  
  83  7:12  SCV, Missile Turret  
  83  7:14  Bunker, Marine x7  
  93  7:23  SCV, Terran Infantry Weapons Level 2  
  93  7:24  Terran Infantry Armor Level 2  
  93  7:25  Medivac  
  95  7:31  Combat Shields  
  92  7:40  Missile Turret  
  92  7:42  Missile Turret  
  88  7:44  Marine  
  88  7:45  Marine x6, Marauder  
  87  7:54  Marine x3  
  88  8:02  Marine  
  88  8:03  SCV x2, Marine x2  
  91  8:09  Missile Turret, Marine  
  91  8:10  Marine x4  
  96  8:17  Missile Turret  
  96  8:20  Medivac x2  
  96  8:25  Factory Reactor  
  100  8:28  SCV x2  
  100  8:29  SCV  
  100  8:32  Marine  
  100  8:33  Marine x5  
  109  8:37  Missile Turret  
  109  8:38  Marine x4  
  113  8:57  Marauder, Marine x10  
  113  9:02  Medivac x2  
  122  9:14  Marine  
  122  9:15  Marine x4  
  116  9:32  Medivac x2  
  116  9:34  Command Center  
  120  9:39  Starport  
  120  9:41  Marine  
  120  9:42  Marine x10  
  131  9:59  Marine x8  
  132  10:00  Marine  
  132  10:02  Marauder  
  132  10:04  Medivac x2  
  140  10:16  Marine  
  140  10:21  Marine x9  
  131  10:24  Marauder  
  122  10:34  Marine  
  113  10:37  Medivac  
  113  10:39  Marine x3  
  113  10:42  Marine  
  113  10:43  Marine x5  
  113  10:45  Marauder  
  115  10:52  Marine  
  115  10:56  Marine x3  
  114  11:00  Marine  
  114  11:01  Marine x5  
  111  11:07  Medivac x2, Marauder  
  111  11:09  Marine  
  118  11:14  Marine x3  
  118  11:18  Marine  
  120  11:19  Marine x5  
  126  11:27  Marine  
  126  11:28  Marauder  
  126  11:32  Marine x3  
  131  11:37  Marine x6  
  134  11:45  Marine  
  135  11:49  Marauder  
  135  11:50  Marine x3  
  140  11:55  Supply Depot, Marine x4  
  140  11:56  Supply Depot  
  140  11:59  Supply Depot  
  144  12:02  Supply Depot  
  144  12:09  Marine x3  
  144  12:11  Marauder  
  144  12:12  Marine x2  
  144  12:13  Marine x3  
  145  12:21  Marine  
  145  12:23  Marine  
  145  12:27  Marine x2  
  142  12:30  Marine x3  
  142  12:31  Marine  
  135  12:41  Marine  
  135  12:42  Marine x2  
  72  13:19  Marine x4  
  66  13:26  Orbital Command  
  66  13:31  Starport Tech Lab  
  64  13:37  Marine x4  
  46  14:14  Marine  
  45  14:17  Marine  
  45  14:33  Banshee  
  45  14:38  Supply Depot  
  45  14:39  Supply Depot x2  
Tags
 
Add a new tag
Caveats
  • Supply blocks, unpowered buildings, or Contaminate may cause inaccurate times.
  • Supply counts are checked every 10 seconds.